 Dungeon Crawl Stone Soup version 0.24.0-123-gd5b16e6ec5 (webtiles) character file.

Game seed: 11987283060105704994, levelgen mode: deterministic

48 Curus the Twirler (level 3, 0/21 HPs)
             Began as a Gargoyle Gladiator on Feb 4, 2020.
             Slain by an adder (2 damage)
             ... on level 2 of the Dungeon.
             The game lasted 00:03:43 (914 turns).

Curus the Twirler (Gargoyle Gladiator)               Turns: 914, Time: 00:03:44

Health: 0/21       AC:  9    Str: 17    XL:     3   Next: 72%
Magic:  3/3        EV: 11    Int:  8    God:
Gold:   67         SH:  0    Dex: 12    Spells: 2/2 levels left

rFire    . . .     SeeInvis .   a - +0 quarterstaff
rCold    . . .     Gourm    .   (shield currently unavailable)
rNeg     + . .     Faith    .   e - +0 ring mail
rPois    ∞         Spirit   .   c - +0 helmet
rElec    +         Reflect  .   (no cloak)
rCorr    .         Harm     .   (no gloves)
MR       .....     Clarity  +   (no boots)
Stlth    +.........             (no amulet)
HPRegen  0.07/turn              (no ring)
MPRegen  0.08/turn              (no ring)

@: no status effects
A: blink, clarity, negative energy resistance 1, electricity resistance,
unbreathing, petrification resistance, rot immunity, AC +3
a: Blink


You were on level 2 of the Dungeon.
You were not hungry.

You visited 1 branch of the dungeon, and saw 2 of its levels.

You collected 67 gold pieces.

Inventory:

Hand Weapons
 a - a +0 quarterstaff (weapon)
Missiles
 d - 3 throwing nets (quivered)
Armour
 b - a +0 leather armour
 c - a +0 helmet (worn)
 e - a +0 ring mail (worn)
Potions
 g - 2 potions of invisibility
 h - 2 potions of curing
Comestibles
 f - 3 rations


   Skills:
 - Level 2.1 Fighting
 + Level 4.6 Staves
 - Level 1.7 Throwing
 - Level 2.4 Dodging


You had 2 spell levels left.
You didn't know any spells.
Your spell library was empty.

Dungeon Overview and Level Annotations

Branches:
Dungeon (2/15)

Altars:


Innate Abilities, Weirdness & Mutations

You are resistant to torment.
Your stone body is resilient. (AC +3)
You are immune to poison.
You resist negative energy. (rN+)
You are resistant to electric shocks. (rElec)
You can survive without breathing.
You are immune to petrification.
You are immune to rotting.
You can translocate small distances at will.
You possess an exceptional clarity of mind.


Message History

The worm barely misses you.
The hobgoblin shouts!
You hit the worm but do no damage.
The worm is moderately wounded.
The frilled lizard misses you.
An adder comes into view.
You barely miss the worm.
The worm is moderately wounded.
The adder hisses angrily.
The worm bites you but does no damage. The frilled lizard closely misses you.
A hobgoblin comes into view. It is wielding a +0 club.
You sock the worm!
The worm is severely wounded.
The frilled lizard bites you but does no damage.
A rat comes into view.
The worm bites you!
* * * LOW HITPOINT WARNING * * *
The frilled lizard closely misses you. The adder barely misses you.
The adder bites you.
You die...

######### #.......## #.........
#......... #......... .# ###
###......... ...
###.########.........[. ...##
#...##.......#.######.# .[...#
#....l@....†...#......# ......#
#....S.....####........
.......###.........# #........
........##w........# #.....†..
......g..g.........# #........
.......g.......##..# ##........
...............###.###.........
r.....#.......####.#...#.......
.........>...#.........†.......


You could see a worm, an adder, 2 hobgoblins and a frilled lizard.

Vanquished Creatures
  An adder (D:2)
  4 dart slugs (D:2)
  A leopard gecko (D:2)
  6 bats
  A giant cockroach (D:1)
  5 goblins (D:1)
  2 hobgoblins
  6 jackals (D:1)
  3 frilled lizards
  A kobold (D:1)
  A rat (D:1)
31 creatures vanquished.

Notes
Turn   | Place    | Note
-------+----------+-------------------------------------------
     0 | D:1      | Curus the Gargoyle Gladiator began the quest for the Orb.
     0 | D:1      | Reached XP level 1. HP: 12/12 MP: 1/1
    32 | D:1      | Reached XP level 2. HP: 1/17 MP: 2/2
   487 | D:1      | Reached skill level 4 in Staves
   652 | D:1      | Gained mutation: You possess an exceptional clarity of
                  | mind. [potion of mutation]
   652 | D:1      | Gained mutation: You can translocate small distances at
                  | will. [potion of mutation]
   661 | D:1      | Reached XP level 3. HP: 21/21 MP: 3/3
   914 | D:2      | Slain by an adder

Levels and vault maps discovered:
D:1:      lightli_arrival_flooded_house, layout_rooms
D:2:      layout_rooms, lemuel_blue_sif_altar, nicolae_overflow_crystal_walls,
          nemelex_altar_shiori, tso_metal_star

Skill      XL: |  1  2 |
---------------+-------+-----
Staves         | 4 |  4.6
Fighting       | |  2.1
Throwing       | |  1.7
Dodging        | |  2.4

Action                   || total
-------------------------++-------
Melee: Quarterstaff      ||   106
  Use: Potion            ||     3
       Scroll            ||     1
 Stab: Invisible         ||     1
Armor: Leather armour    ||    38
       Ring mail         ||    20
Dodge: Dodged            ||   119
